 Dungeon Crawl Stone Soup version 0.31-a0-4-gefa6de2278 (webtiles) character file.

Game seed: 986008823798212948

112 Dadi the Chopper (level 4, -9/39 HPs)
             Began as a Hill Orc Monk on May 4, 2023.
             Killed by nerve-wracking pain
             ... invoked by an orc priest
              (13 damage)
             ... on level 3 of the Dungeon.
             The game lasted 00:03:19 (1846 turns).

Dadi the Chopper (Hill Orc Monk)                    Turns: 1846, Time: 00:03:19

Health: -9/39      AC:  6    Str: 15    XL:     4   Next: 93%
Magic:  4/4        EV: 10    Int: 10    God:
Gold:   99         SH:  0    Dex: 13    Spells: 3/3 levels left

rFire   . . .        q - +1 hand axe (heavy)
rCold   . . .        d - orb {light}
rNeg    . . .        l - +0 scale mail
rPois   .            (no helmet)
rElec   .            (no cloak)
rCorr   .            (no gloves)
SInv    .            (no boots)
Will    .....        (no amulet) Stlth
                     (no ring)
HPRegen 0.26/turn    (no ring)
MPRegen 0.09/turn

%: no passive effects
@: glowing
A: no striking features
a: Convert to Beogh


You were on level 3 of the Dungeon.
You visited 1 branch of the dungeon, and saw 3 of its levels.

You collected 99 gold pieces.

Inventory:

Hand Weapons
 a - a +0 hand axe
 q - a +1 heavy hand axe (weapon)
Armour
 b - a +0 robe
 d - an orb of light (worn)
 l - a +0 scale mail (worn)
Jewellery
 g - an amulet of guardian spirit
 o - a ring of positive energy
Scrolls
 e - a scroll of blinking {unknown}
 i - a scroll of identify {unknown}
 m - a scroll of teleportation {unknown}
 n - a scroll of torment {unknown}
 p - a scroll of fear {unknown}
 t - a scroll of noise {unknown}
Potions
 c - a potion of ambrosia
 f - a potion of brilliance {unknown}
 h - a potion of cancellation {unknown}
 j - a potion of lignification {unknown}
 k - 2 potions of might {unknown}
 r - a potion of haste {unknown}
 s - a potion of curing {unknown}


   Skills:
 - Level 3.6 Fighting
 + Level 7.2 Axes
 - Level 2.4 Dodging


You had 3 spell levels left.
You didn't know any spells.
Your spell library was empty.

Dungeon Overview and Level Annotations

Branches:
Dungeon (3/15)

Altars:


Message History

The orc priest shouts, "Join the one true god or die!"
The orc priest barely misses you.
You barely miss the orc priest.
The orc priest is moderately wounded.
You hit the orc.
The orc priest hits you with a +0 flail!
The orc completely misses you. The orc hits you but does no damage.
The orc priest shouts, "Join the one true god or die!"
The orc priest hits you with a +0 flail.
You barely miss the orc priest.
The orc priest is moderately wounded.
You hit the orc but do no damage.
The orc priest hits you but does no damage.
The orc closely misses you.
You barely miss the orc priest.
The orc priest is moderately wounded.
You hit the orc.
You kill the orc!
The orc priest threatens, "By the altar or by the axe, you will meet Beogh!"
The orc priest mumbles some strange prayers to Beogh against you.
Beogh smites you!
* * * LOW HITPOINT WARNING * * *
You hit the orc priest but do no damage.
The orc priest is moderately wounded.
The orc priest shouts, "Join the one true god or die!"
The orc priest barely misses you. x2
You hit the orc priest.
The orc priest is moderately wounded.
The orc priest closely misses you.
The orc priest shouts, "Join the one true god or die!"
You hit the orc priest but do no damage.
The orc priest is moderately wounded.
The orc priest hits you with a +0 flail.
* * * LOW HITPOINT WARNING * * *
You hit the orc priest but do no damage.
The orc priest shouts, "Beogh is our master!
Accept the truth or die!"
The orc priest is moderately wounded.
The orc priest invokes the aid of Beogh against you.
Pain shoots through your body!
You die...

#......# .####
#.)....# .....#
###..### ......#
###.## ...>...
#####.††### .......
#.........#
.......##..)......#
....[.))#.........#
......o@..........#
...)..###.........#
..... #.........#
.... #.........#
.$. #.........# ..
#.........# .
#.#.##.#### .....
.#


You could see an orc priest.

Vanquished Creatures
  An orc priest (D:3)
  An adder (D:3)
  3 dart slugs
  5 orcs (D:3)
  5 bats
  4 endoplasms
  3 giant cockroaches
  3 goblins
  6 hobgoblins
  4 jackals (D:1)
  4 quokkas
  5 ball pythons
  3 frilled lizards
  6 kobolds
  6 rats
59 creatures vanquished.

Notes
Turn   | Place    | Note
-------+----------+-------------------------------------------
     0 | D:1      | Dadi the Hill Orc Monk began the quest for the Orb.
     0 | D:1      | Reached XP level 1. HP: 19/19 MP: 1/1
   257 | D:1      | Reached XP level 2. HP: 19/26 MP: 2/2
   339 | D:1      | Reached skill level 5 in Axes
   615 | D:1      | Reached XP level 3. HP: 28/31 MP: 3/3
  1132 | D:2      | Identified the +0 leather armour of Mutistren {Harm Int+3}
  1233 | D:2      | Reached skill level 6 in Axes
  1721 | D:3      | Reached XP level 4. HP: 39/39 MP: 4/4
  1736 | D:3      | Reached skill level 7 in Axes
  1846 | D:3      | Killed from afar by an orc priest

Illustrated notes

Levels and vault maps discovered:
D:1:      dpeg_arrival_chambers_temple_mockup, layout_basic, minmay_hexomino_u4
D:2:      layout_basic
D:3:      layout_rooms, nzn_overflow_gifts_of_might_and_magic,
          gammafunk_ghost_nasty_kobolds, uniq_crazy_yiuf_cottage, uniq_sigmund

Skill      XL: |  1  2  3  4 |
---------------+-------------+-----
Axes           | 5 6 7 |  7.2
Fighting       | |  3.6
Dodging        | |  2.4

Action                     |  1- 3 |  4- 6 || total
---------------------------+-------+-------++-------
  Melee: Hand axe          |   127 |    27 ||   154
 Armour: Robe              |    19 |       ||    19
         Scale mail        |    20 |    17 ||    37
  Dodge: Dodged            |    79 |    15 ||    94

Table legend: (Time is in decaauts)
 A = Elapsed time spent in this place.
 B = Non-inter-level travel time spent in this place.
 C = Inter-level travel time spent in this place.
 D = Time resting spent in this place.
 E = Time spent auto-exploring this place.
 F = Levels seen in this place.
 G = Mean time per level.
                   A        B        C        D        E       F      G
               +--------+--------+--------+--------+--------+-----+--------+
         Total |   1867 |   1801 |     66 |     89 |   1357 |   3 |  622.3 |
       Dungeon |   1867 |   1801 |     66 |     89 |   1357 |   3 |  622.3 |
               +--------+--------+--------+--------+--------+-----+--------+

Top non-repeatable levels by time:
     D:1: 1108 daAuts
     D:2: 617 daAuts
     D:3: 140 daAuts
